 Dungeon Crawl Stone Soup version 0.24.0-37-gcf1ca852f1 (webtiles) character file.

Game seed: 14823805563623230478, levelgen mode: deterministic

166 grindst0ne the Shield-Bearer (level 5, -3/37 HPs)
             Began as an Octopode Fighter on Nov 24, 2019.
             Slain by an orc wizard
             ... wielding a +0 dagger
              (5 damage)
             ... on level 3 of the Dungeon.
             The game lasted 00:02:39 (2102 turns).

grindst0ne the Shield-Bearer (Octopode Fighter)     Turns: 2102, Time: 00:02:40

Health: -3/37      AC:  1    Str: 15    XL:     5   Next: 47%
Magic:  5/5        EV: 12    Int: 11    God:
Gold:   144        SH:  9    Dex: 12    Spells: 4/4 levels left

rFire    . . .     SeeInvis .   a - +0 war axe
rCold    . . .     Gourm    .   b - +0 shield
rNeg     . . .     Faith    .   (helmet restricted)
rPois    .         Spirit   .   (no amulet)
rElec    .         Reflect  .   (no ring)
rCorr    .         Harm     .   (no ring)
MR       .....                  (no ring)
Stlth    ++........             (no ring)
HPRegen  0.12/turn              (no ring)
MPRegen  0.09/turn              (no ring)
                                (no ring)
                                (no ring)

@: no status effects
A: almost no armour, stealthy swim, amphibious, 8 rings, constrict 8, camouflage
1, gelatinous body 1
a: no special abilities


You were on level 3 of the Dungeon.
You were not hungry.

You visited 1 branch of the dungeon, and saw 3 of its levels.

You collected 144 gold pieces.

Inventory:

Hand Weapons
 a - a +0 war axe (weapon)
Armour
 b - a +0 shield (worn)
Scrolls
 e - 2 scrolls of fear {unknown}
 f - 4 scrolls of identify {unknown}
 i - a scroll of amnesia {unknown}
 j - a scroll of enchant weapon {unknown}
 n - a scroll of noise {unknown}
 o - 2 scrolls of teleportation {unknown}
 p - 2 scrolls of immolation {unknown}
 q - 2 scrolls of remove curse {unknown}
 r - a scroll of blinking {unknown}
Potions
 c - 2 potions of might
 g - a potion of heal wounds
 h - 2 potions of curing {unknown}
 k - a potion of mutation {unknown}
 m - a potion of ambrosia {unknown}
 s - a potion of resistance {unknown}
Comestibles
 d - 4 rations
 l - 11 chunks of flesh


   Skills:
 + Level 3.9 Fighting
 + Level 3.2 Axes
 + Level 3.9 Dodging
 + Level 3.9 Shields


You had 4 spell levels left.
You didn't know any spells.
Your spell library was empty.

Dungeon Overview and Level Annotations

Branches:
Dungeon (3/15)

Altars:


Innate Abilities, Weirdness & Mutations

You cannot wear most types of armour.
You are very stealthy in the water. (Stealth+)
You are amphibious.
You can wear up to eight rings at the same time.
You can use your tentacles to constrict eight enemies at once.
Your skin changes colour to match your surroundings (Stealth+).
Your rubbery body absorbs attacks. (AC +1, EV +1)


Message History

The orc priest closely misses you.
Things that are here:
a +0 flail; 3 boomerangs You barely miss the orc priest.
Your grab misses the orc priest. You squeeze the orc priest.
The orc priest is lightly wounded.
You hit the orc wizard but do no damage.
The orc wizard hits you with a +0 dagger.
You block the orc priest's attack.
You hit the orc priest but do no damage.
You grab the orc priest.
The orc priest is lightly wounded.
You hit the orc wizard but do no damage.
You constrict the orc priest, but do no damage.
The orc wizard hits you but does no damage.
The orc priest invokes the aid of Beogh against you.
Beogh smites you!
* * * LOW HITPOINT WARNING * * *
The orc wizard hits you with a +0 dagger.
You die...

#.# #.# ##.###........#
#.######## #.# #.# #.######.#
.......... ##[####.###.#
..######## ............# #.##
#.####.###.# ...# #.# #.# #.#
##)# ###.# #.# #.# #.#
#..o####.###.# #.# #.oo@).......#
### #.# #...########## #.. ##.#
#####.###############.## .<.###
##......(...........##.#.
##...####.#.##.############.##.#.
.........###.#># #......
##...####.#.##.# ####.#.
#.......#.###.# #.#. ##..####.###
#.# #.#.


You could see an orc priest, an orc wizard and an orc.

Vanquished Creatures
  An orc wizard (D:3)
  5 adders
  2 oozes (D:2)
  A leopard gecko (D:3)
  10 orcs (D:3)
  2 giant cockroaches
  6 goblins
  8 hobgoblins
  17 jackals
  A quokka (D:2)
  A ball python (D:1)
  A bat (D:2)
  5 frilled lizards
  5 kobolds
  3 rats
68 creatures vanquished.

Notes
Turn   | Place    | Note
-------+----------+-------------------------------------------
     0 | D:1      | grindst0ne the Octopode Fighter began the quest for the
                  | Orb.
     0 | D:1      | Reached XP level 1. HP: 16/16 MP: 1/1
   105 | D:1      | Reached XP level 2. HP: 21/21 MP: 2/2
   639 | D:2      | Reached XP level 3. HP: 25/26 MP: 3/3
  1120 | D:2      | Reached XP level 4. HP: 22/31 MP: 4/4
  1467 | D:3      | Reached XP level 5. HP: 23/37 MP: 5/5
  2102 | D:3      | Slain by an orc wizard

Levels and vault maps discovered:
D:1:      ncdulo_watergridlock, layout_rooms
D:2:      layout_rooms, first_ration
D:3:      layout_loops_ring, tgw_xom, uniq_crazy_yiuf_cottage

Skill      XL: |  1  2  3  4 |
---------------+-------------+-----
Axes           | 3 |  3.2
Fighting       | |  3.9
Dodging        | |  3.9
Shields        | |  3.9

Action                   |  1- 3 |  4- 6 || total
-------------------------+-------+-------++-------
Melee: War axe           |    55 |    61 ||   116
       Constrict         |    13 |    19 ||    32
       Tentacles         |    10 |    14 ||    24
  Use: Potion            |     1 |     1 ||     2
 Stab: Sleeping          |     5 |     3 ||     8
  Eat: Chunk             |     1 |     3 ||     4
Armor: Skin              |     4 |     2 ||     6
Dodge: Dodged            |    29 |    33 ||    62
Block: Shield            |    24 |    26 ||    50
